 Dungeon Crawl Stone Soup version 0.17-a0-1115-g0372368 (webtiles) character file.

2262 HeyJoe the Cleaver (level 9, -2/135 HPs)
             Began as a Deep Dwarf Berserker on May 22, 2015.
             Was an Elder of Trog.
             Slain by an orc warrior
             ... wielding a +0 war axe
              (16 damage)
             ... on level 7 of the Dungeon.
             The game lasted 00:24:05 (5715 turns).

HeyJoe the Cleaver (Deep Dwarf Berserker)           Turns: 5715, Time: 00:24:05

Health: -2/135     AC:  7    Str: 29    XL:     9   Next: 15%
Magic:  9/9        EV: 14    Int:  8    God:    Trog [****..]
Gold:   320        SH:  0    Dex: 12    Spells: 0 memorised, 8 levels left

rFire  . . .     SeeInvis .     a - +1 hand axe (vamp)
rCold  . . .     Clarity  .     h - +0 ring mail
rNeg   + . .     SustAt   .     (no shield)
rPois  .         Gourm    .     y - +1 helmet
rElec  .         Spirit   .     (no cloak)
rCorr  .         Warding  .     (no gloves)
rMut   .         Stasis   .     (no boots)
MR     +....                    (no amulet)
Stlth  ..........               o - ring of positive energy
                                l - +3 ring of evasion

@: berserking, non-regenerating, drained, very quick, somewhat resistant to
hostile enchantments, extremely unstealthy
A: damage resistance, recharge devices, sense surroundings 2, slow healing 3
a: Device Recharging, Burn Spellbooks, Berserk, Trog's Hand, Brothers in Arms,
Renounce Religion


You were on level 7 of the Dungeon.
You worshipped Trog.
Trog was greatly pleased with you.
You were not hungry.

You visited 2 branches of the dungeon, and saw 8 of its levels.

You collected 320 gold pieces.

Inventory:

Hand weapons
 a - a +1 vampiric hand axe (weapon)
 x - a +0 war axe
Armour
 h - a +0 ring mail (worn)
 y - a +1 helmet (worn)
Jewellery
 l - a +3 ring of evasion (left hand)
 o - a ring of positive energy (right hand)
Magical devices
 c - a wand of heal wounds (9)
 n - a wand of random effects (30)
Scrolls
 b - a scroll of identify
 g - 3 scrolls of fear
 j - a scroll of recharging
 m - 3 scrolls of teleportation
 s - a scroll of brand weapon {unknown}
Potions
 e - a potion of resistance
 i - 2 potions of berserk rage
 k - a potion of lignification
 q - 3 potions of haste
 r - 3 potions of flight
 w - 4 potions of curing
Comestibles
 d - 10 bread rations
 f - 4 meat rations
 p - 14 chunks of flesh


   Skills:
 + Level 8.3(8.1) Fighting
 - Level 10.0(9.8) Axes
 - Level 2.1(2.0) Armour
 - Level 2.1(2.0) Dodging


You had 8 spell levels left.
You didn't know any spells.

Dungeon Overview and Level Annotations

Branches:
Dungeon (7/15)             Temple (1/1) D:5

Altars:
Ashenzari
Cheibriados
Dithmenos
Elyvilon
Fedhas
Gozag
Kikubaaqudgha
Makhleb
Nemelex Xobeh
Okawaru
Qazlal
Ru
Trog
Vehumet
Xom
Yredelemnul
Zin
The Shining One

Shops:
D:4 (


Innate Abilities, Weirdness & Mutations

You are resistant to damage.
You can recharge devices by infusing magical energy.
You passively map the area around you.
You do not heal naturally.


Message History

Use which ability? (? or * to list)
A red film seems to cover your vision as you go berserk!
You feel yourself moving faster!
You feel mighty!
You feel somewhat more hungry. The orc misses you.
The orc warrior completely misses you.
You barely miss the orc warrior.
The orc warrior is moderately wounded.
You hit the orc.
You feel better.
The orc is moderately wounded.
Your ring mail prevents you from hitting the orc warrior.
The orc warrior is moderately wounded.
You hit the orc.
You feel better.
The orc is heavily wounded.
The orc barely misses you.
You hit the orc warrior but do no damage.
The orc warrior is moderately wounded.
You hit the orc.
The orc is almost dead.
The orc warrior hits you with a war axe!!
You die...

* , , , * * *
..* * , .# * ,
, .# * ,*.# ,
.## * *..##
##o..####*
##@o......* ##
###.........,
###. ##
##........[..
.####... .#
###..####....##
...#.... .##
###...## #.....
........
..######...###
#....,........
..##.......#
*.... ........
...........# *
...,........
...####....## *
, ........


You could see an orc warrior and an orc.

Vanquished Creatures
  The ghost of ololoev the Cudgeler, an average FoSk (D:3)
  A spriggan (D:7)
  Menkaure (D:4)
  Duvessa (D:6)
  A phantom (D:7)
  An orc warrior (D:6)
  3 ogres
  A centaur (D:6)
  Blork the orc (D:4)
  A giant frog (D:6)
  Dowan (D:6)
  A scorpion (D:5)
  A giant frog zombie (D:5)
  4 hounds
  4 orc priests
  3 iguanas
  6 orc wizards
  6 worker ants
  A killer bee zombie (D:6)
  Robin (D:4)
  3 adders
  5 gnolls
  An adder skeleton (D:6)
  3 worms
  5 giant geckos
  18 orcs
  11 bats
  22 goblins
  14 hobgoblins
  9 jackals
  8 kobolds
  2 quokkas (D:3)
  5 giant cockroaches
  A giant gecko skeleton (D:4)
  4 giant newts
  A jackal skeleton (D:4)
  10 rats
162 creatures vanquished.

Notes
Turn   | Place    | Note
--------------------------------------------------------------
     0 | D:1      | HeyJoe the Deep Dwarf Berserker began the quest for the Orb.
     0 | D:1      | Reached XP level 1. HP: 20/20 MP: 1/1
   149 | D:1      | Reached XP level 2. HP: 12/27 MP: 2/2
   201 | D:1      | Reached skill level 4 in Axes
   516 | D:2      | Reached XP level 3. HP: 13/33 MP: 3/3
   723 | D:2      | Reached skill level 5 in Axes
  1015 | D:2      | Acquired Trog's second power
  1252 | D:3      | Found a bloodstained altar of Trog.
  1502 | D:3      | Reached XP level 4. HP: 30/40 MP: 4/4
  1986 | D:3      | Noticed ololoev's ghost (average FoSk)
  2005 | D:3      | Killed ololoev's ghost
  2005 | D:3      | Reached skill level 7 in Axes
  2005 | D:3      | Reached XP level 5. HP: 46/46 MP: 5/5
  2005 | D:3      | Reached XP level 6. HP: 55/55 MP: 6/6
  2385 | D:4      | Reached skill level 8 in Axes
  2476 | D:4      | Found a sacrificial altar of Ru.
  2522 | D:4      | Noticed Blork the orc
  2530 | D:4      | Killed Blork the orc
  2664 | D:4      | Reached XP level 7. HP: 57/61 MP: 7/7
  2674 | D:4      | Reached skill level 9 in Axes
  2734 | D:4      | Noticed Robin
  2749 | D:4      | Killed Robin
  2760 | D:4      | Noticed Menkaure
  2773 | D:4      | Killed Menkaure
  2866 | D:4      | Found Qudocat's Weapon Boutique.
  3116 | D:4      | Found a basalt altar of Yredelemnul.
  3260 | D:5      | Entered Level 5 of the Dungeon
  3436 | D:5      | Reached skill level 10 in Axes
  3683 | D:5      | Reached XP level 8. HP: 13/72 MP: 8/8
  3821 | D:5      | Found a staircase to the Ecumenical Temple.
  3826 | Temple   | Entered the Ecumenical Temple
  4356 | D:6      | Reached skill level 5 in Fighting
  4576 | D:6      | Noticed Dowan
  4577 | D:6      | Noticed Duvessa
  4603 | D:6      | Killed Duvessa
  4604 | D:6      | Killed Dowan
  5294 | D:7      | Found a white marble altar of Elyvilon.
  5332 | D:7      | Got a warped leather armour
  5343 | D:7      | Identified the cursed +1 leather armour "Plog" {*Drain rN+ Str+4} (You found it on level 7 of the Dungeon)
  5422 | D:7      | Gained mutation: You passively map the area around you. [Deep Dwarf growth]
  5422 | D:7      | Reached XP level 9. HP: 54/88 MP: 9/9
  5630 | D:7      | Acquired Trog's third power
  5715 | D:7      | Slain by an orc warrior

Vault maps used:
D:1:      dpeg_arrival_connections
D:3:      first_bread, trog_hazing_becter
D:4:      kennysheep_mini, nicolae_ru_the_path_less_chosen, serial_shops, shop,
          uniq_blork_the_orc, uniq_robin, uniq_menkaure
D:5:      minmay_temple_entry_nine_rooms
D:6:      uniq_duvessa
D:7:      basic_altar, the_bakery
Temple:   nicolae_temple_elliptical

Action                   |  1- 3 |  4- 6 |  7- 9 || total
-------------------------+-------+-------+-------++-------
Melee: Hand axe          |   170 |   168 |   183 ||   521
       War axe           |       |     3 |   166 ||   169
Invok: Trog's Hand       |     2 |     4 |     7 ||    13
       Berserk           |       |     2 |     6 ||     8
Evoke: Wand              |       |     5 |       ||     5
  Use: Scroll            |       |       |    15 ||    15
  Eat: Chunk             |     2 |     7 |     8 ||    17
       Fruit             |       |       |     2 ||     2
       Beef jerky        |       |       |     2 ||     2
       Meat ration       |       |       |     1 ||     1
       Royal jelly       |       |       |     1 ||     1
       Pizza             |       |       |     1 ||     1
